 Dungeon Crawl Stone Soup version 0.20.1-1-g8b1a95d (webtiles) character file.

157 Linguinho the Magician (level 5, -1/28 HPs)
             Began as a Deep Elf Earth Elementalist on Oct 28, 2017.
             Slain by an orc wizard
             ... wielding a +0 dagger
              (3 damage)
             ... on level 3 of the Dungeon.
             The game lasted 00:07:38 (2532 turns).

Linguinho the Magician (DEEE)                       Turns: 2532, Time: 00:07:41

Health: -1/28      AC:  2    Str:  5    XL:     5   Next: 15%
Magic:  5/14       EV: 13    Int: 21    God:
Gold:   179        SH:  0    Dex: 15    Spells: 8/14 levels left

rFire    . . .     SeeInvis .   k - +0 dagger
rCold    + . .     Gourm    .   (no shield)
rNeg     . . .     Faith    .   c - +0 robe
rPois    .         Spirit   .   (no helmet)
rElec    .         Reflect  .   (no cloak)
rCorr    .         Harm     .   (no gloves)
MR       .....                  (no boots)
Stlth    ++........             (no amulet)
Regen    0.1/turn               r - ring of protection from cold
MPRegen  0.2/turn               (no ring)

@: no status effects
A: no striking features
a: no special abilities


You were on level 3 of the Dungeon.
You were hungry.

You visited 1 branch of the dungeon, and saw 3 of its levels.

You collected 179 gold pieces.

Inventory:

Hand Weapons
 k - a +0 dagger (weapon)
Missiles
 n - 46 stones (quivered)
Armour
 c - a +0 robe (worn)
Jewellery
 r - a ring of protection from cold (left hand)
Scrolls
 b - a scroll of amnesia {unknown}
 i - a scroll of enchant armour {unknown}
 m - a scroll of remove curse {unknown}
 o - a scroll of identify {unknown}
Potions
 f - 2 potions of brilliance {unknown}
 g - a potion of agility {unknown}
 h - a potion of magic {unknown}
 l - 2 potions of haste {unknown}
 p - a potion of curing {unknown}
 q - 2 potions of resistance {unknown}
Books
 e - a book of Geomancy

   Spells                             Type                      Level
   a - Sandblast                      Earth                        1
   b - Passwall                       Transmutation/Earth          2
   c - Stone Arrow                    Conjuration/Earth            3
   d - Petrify                        Transmutation/Earth          4
   e - Lee's Rapid Deconstruction     Earth                        5
Comestibles
 a - a royal jelly
 d - a bread ration
 j - 5 fruits


   Skills:
 * Level 1.2 Short Blades
 * Level 3.2 Dodging
 * Level 3.1 Stealth
 * Level 5.0 Spellcasting
 * Level 1.5 Transmutations
 * Level 4.2 Earth Magic


You had 8 spell levels left.
You knew the following spells:

 Your Spells              Type           Power        Failure   Level  Hunger
a - Sandblast             Erth           ###...       1%          1    None
b - Passwall              Tmut/Erth      ###.......   4%          2    None
c - Stone Arrow           Conj/Erth      ##....       14%         3    ##.....


Dungeon Overview and Level Annotations

Branches:
Dungeon (3/15)

Altars:


Message History

You don't know that spell.
Casting: Sandblast
Confirm with . or Enter, or press ? or * to list all spells.
Aiming: Sandblast
Press: ? - help, Shift-Dir - straight line The blast of sand hits something.
n - 47 stones Something hits you.
Casting: Sandblast
Confirm with . or Enter, or press ? or * to list all spells.
Aiming: Sandblast
Press: ? - help, Shift-Dir - straight line The blast of sand hits something.
n - 46 stones You hear some strange, mumbled words.
A puff of flame appears from out of thin air!
The puff of flame hits you!
* * * LOW HITPOINT WARNING * * *
Something hits you.
You die...

###.#####.......#......###
#...............##.....#
#.#.#######'#.........## #
#.#.#######.#.........# #
#.#.##................# #
#.#.##......#......#######
#.#.##......#............#
#.#.##.).................#
#.#.#...รท@{..............#
#.#.#......#....#........#
##.#.#......#....#....####)
#....#...####....#....# #.
######...#######.#....# #.
#...........#....# #.
#....############# #.
####.#<....# #. #.#..##.#
#.


There were no monsters in sight!

Vanquished Creatures
  A howler monkey (D:1)
  5 adders
  An ooze (D:1)
  2 dart slugs
  A leopard gecko (D:2)
  6 orcs (D:3)
  A ball python (D:1)
  6 bats
  A giant cockroach (D:3)
  4 goblins
  11 hobgoblins
  8 kobolds
  A quokka (D:2)
  5 frilled lizards
  5 rats (D:1)
58 creatures vanquished.

Notes
Turn   | Place    | Note
-------+----------+-------------------------------------------
     0 | D:1      | Linguinho the Deep Elf Earth Elementalist began the quest for the Orb.
     0 | D:1      | Reached XP level 1. HP: 10/10 MP: 6/6
   277 | D:1      | Reached XP level 2. HP: 13/15 MP: 5/8
   389 | D:1      | Learned a level 2 spell: Passwall
  1050 | D:1      | Reached XP level 3. HP: 4/19 MP: 8/10
  1055 | D:1      | Learned a level 3 spell: Stone Arrow
  1426 | D:1      | Reached skill level 1 in Short Blades
  1426 | D:1      | Reached skill level 4 in Spellcasting
  1426 | D:1      | Reached XP level 4. HP: 7/24 MP: 2/12
  2335 | D:3      | Reached XP level 5. HP: 28/28 MP: 10/14
  2458 | D:3      | Reached skill level 5 in Spellcasting
  2532 | D:3      | Slain by an orc wizard

Skill      XL: |  1  2  3  4  5 |
---------------+----------------+-----
Short Blades   | 1 |  1.2
Spellcasting   | 4 5 |  5.0
Earth Magic    | 4 |  4.2
Stealth        | 3 |  3.1
Dodging        | 3 |  3.2
Transmutations | |  1.5

Action                   |  1- 3 |  4- 6 || total
-------------------------+-------+-------++-------
Melee: Unarmed           |     4 |       ||     4
       Dagger            |    51 |    35 ||    86
Throw: Stone             |     1 |       ||     1
 Cast: Sandblast         |    33 |    24 ||    57
       Stone Arrow       |     4 |     9 ||    13
  Use: Scroll            |       |     3 ||     3
 Stab: Sleeping          |     2 |     6 ||     8
  Eat: Chunk             |     1 |     4 ||     5
Armor: Robe              |    14 |     7 ||    21
Dodge: Dodged            |    67 |    23 ||    90
